 Dungeon Crawl Stone Soup version 0.22.0-38-g04b72b8c25 (webtiles) character file.

39962 Peloso the Fencer (level 13, -2/119 HPs)
             Began as a Minotaur Fighter on Aug 31, 2018.
             Was the Champion of Okawaru.
             Slain by a fire crab (15 damage)
             ... on level 6 of the Lair of Beasts.
             The game lasted 00:44:01 (15199 turns).

Peloso the Fencer (Minotaur Fighter)               Turns: 15199, Time: 00:44:02

Health: -2/119     AC: 20    Str: 25    XL:     13   Next: 72%
Magic:  0/12       EV: 14    Int:  7    God:    Okawaru [******]
Gold:   979        SH: 14    Dex: 16    Spells: 12/12 levels left

rFire    . . .     SeeInvis .   a - +1 scimitar (flame)
rCold    . . .     Gourm    .   c - +0 shield
rNeg     . . .     Faith    .   d - +5 scale mail of Moeguf {rPois Int+2}
rPois    +         Spirit   +   (helmet restricted)
rElec    .         Reflect  .   D - +0 cloak (curse)
rCorr    .         Harm     .   J - +0 pair of gloves
MR       .....                  Q - +2 pair of boots of the Country {Slay+2}
Stlth    ++........             H - amulet of guardian spirit
HPRegen  0.29/turn              L - ring of stealth
MPRegen  0.13/turn              E - +5 ring of dexterity

@: hasted, very quick
A: retaliatory headbutt, horns 2
a: Heroism, Finesse, Renounce Religion


You were on level 6 of the Lair of Beasts.
You worshipped Okawaru.
Okawaru was exalted by your worship.
You were hungry.

You visited 3 branches of the dungeon, and saw 18 of its levels.

You collected 979 gold pieces.

Inventory:

Hand Weapons
 a - a +1 scimitar of flaming (weapon)
 b - a +3 falchion of slicing
Armour
 c - a +0 shield (worn)
 d - the +5 scale mail of Moeguf (worn) {rPois Int+2}
   (You found it on level 5 of the Dungeon)

   It affects your intelligence (+2).
   It protects you from poison.
 r - the +0 ring mail of Forking Paths {-Tele Str+8 SInv}
   (You found it on level 4 of the Dungeon)

   It affects your strength (+8).
   It lets you see invisible.
   It prevents most forms of teleportation.
 D - a cursed +0 cloak (worn)
 J - a +0 pair of gloves (worn)
 Q - the +2 pair of boots of the Country (worn) {Slay+2}
   (Okawaru gifted it to you on level 2 of the Lair of Beasts)

   It affects your accuracy and damage with ranged weapons and melee attacks
   (+2).
Jewellery
 j - an uncursed ring of see invisible
 m - an uncursed amulet of the acrobat
 s - an uncursed amulet of rage
 w - an uncursed amulet of magic regeneration
 E - a +5 ring of dexterity (right hand)
 H - an amulet of guardian spirit (around neck)
 L - a ring of stealth (left hand)
 N - a +3 ring of dexterity
 P - an uncursed ring of stealth
Wands
 p - a wand of flame (40)
 u - a wand of polymorph (39)
 v - a wand of acid (25)
 y - a wand of enslavement (13)
 S - a wand of paralysis (12)
 T - a wand of digging (14)
 U - a wand of random effects (54)
Scrolls
 g - 2 scrolls of enchant weapon
 h - 12 scrolls of remove curse
 x - 5 scrolls of amnesia
 z - 4 scrolls of teleportation
 A - 3 scrolls of noise
 B - a scroll of magic mapping
 C - 5 scrolls of enchant armour {unknown}
 G - a scroll of fog {unknown}
 K - 8 scrolls of identify
 O - 3 scrolls of blinking {unknown}
 R - a scroll of brand weapon {unknown}
Potions
 e - 4 potions of mutation
 i - 3 potions of magic
 k - 5 potions of curing
 l - a potion of haste
 n - 5 potions of brilliance
 o - 2 potions of might
 q - 3 potions of cancellation
 t - a potion of heal wounds
 F - 2 potions of berserk rage
 I - a potion of agility {unknown}
 M - a potion of invisibility
Comestibles
 f - 33 rations


   Skills:
 + Level 12.5 Fighting
 + Level 16.0 Long Blades
 + Level 11.5 Armour
 + Level 6.6 Dodging
 + Level 3.3 Stealth
 + Level 14.0 Shields
 + Level 0.9 Invocations
 + Level 0.9 Evocations


You had 12 spell levels left.
You didn't know any spells.
Your spell library contained the following spells:

 Spells                   Type           Power        Failure   Level  Hunger
 Flame Tongue             Conj/Fire      #....        71%         1    ##.....
 Sandblast                Erth           #.....       71%         1    ##.....
 Sting                    Conj/Pois      #...         71%         1    ##.....
 Passwall                 Tmut/Erth      #.......     83%         2    ###....
 Poisonous Vapours        Pois/Air       #.....       83%         2    ###....
 Throw Flame              Conj/Fire      #.....       83%         2    ###....
 Conjure Flame            Conj/Fire      #.......     97%         3    ####...
 Inner Flame              Hex/Fire       #.......     97%         3    ####...
 Mephitic Cloud           Conj/Pois/Air  #.......     97%         3    ####...
 Stone Arrow              Conj/Erth      #.....       97%         3    ####...
 Ice Form                 Ice/Tmut       #.......     100%        4    #####..
 Olgreb's Toxic Radiance  Pois           #.......     100%        4    #####..
 Petrify                  Tmut/Erth      #.......     100%        4    #####..
 Sticky Flame             Conj/Fire      #.......     100%        4    #####..
 Fireball                 Conj/Fire      #.........   100%        5    ######.
 Lee's Rapid Deconstruct  Erth           #.........   100%        5    ######.
 Metabolic Englaciation   Hex/Ice        #.........   100%        5    ######.
 Venom Bolt               Conj/Pois      #.........   100%        5    ######.
 Bolt of Cold             Conj/Ice       #.........   100%        6    #######
 Freezing Cloud           Conj/Ice/Air   #.........   100%        6    #######
 Ozocubu's Refrigeration  Ice            #.........   100%        6    #######
 Simulacrum               Ice/Necr       #.........   100%        6    #######


Dungeon Overview and Level Annotations

Branches:
Dungeon (11/15)            Temple (1/1) D:6            Lair (6/6) D:8
 Shoals (0/4) Lair:3       Spider (0/4) Lair:4        Slime (0/5) Lair:5
    Orc (0/2) D:10

Altars:
Ashenzari
Cheibriados
Fedhas
Hepliaklqana
Makhleb
Okawaru
Qazlal
Trog
Uskayaw
Vehumet
Xom
Zin
The Shining One

Portals:
Trove: D:11 (give +2 shadow dragon scales)

Annotations:
Lair:2 3 runed doors, Qidob's ghost, journeyman HuSk


Innate Abilities, Weirdness & Mutations

You reflexively headbutt those who attack you in melee.
You have a pair of horns on your head.


Message History

The lindwurm barely misses you.
You slice the fire crab!! Your headbutt misses the fire crab.
The fire crab is heavily wounded.
The black mamba bites you!
* * * LOW HITPOINT WARNING * * *
Unknown command.
Okay, then.
Okay, then.
You feel much better. The black mamba bites you.
* * * LOW HITPOINT WARNING * * *
The lindwurm bites you but does no damage.
You block the lindwurm's attack. The lindwurm closely misses you.
The fire crab bites you but does no damage.
You block the fire crab's attack. The black mamba barely misses you.
You furiously retaliate!
You headbutt the black mamba.
You feel yourself speed up. You block the black mamba's attack.
The fire crab bites you.
* * * LOW HITPOINT WARNING * * *
You are engulfed in flames!
You die...

###.####### .....#.##.#
## .....<....### ###.#
.P..P[#.....# .#.P.#
....(.†.....## .....
.....†.......# #...#
P.P..#.#..P..####..P#
PPP.##..........tP..#...
PP..............@k....#
.................S......
....#..........P.......#
.## ..P...........P$..##
.............PP...#
.............PP....
.P...P....#.......
.H.≈≈≈≈......≈.P.


You could see a fire crab, a lindwurm and a black mamba.

Vanquished Creatures
  Nessos (Lair:4)
  Josephine (D:11)
  Harold (D:11)
  Fannar (Lair:2)
  A vault guard (D:10)
  Erolcha (D:11)
  A catoblepas (Lair:5)
  3 hydras
  2 two-headed ogres (D:9)
  Erica (D:8)
  A queen ant (D:9)
  Sonja (Lair:1)
  An orb spider (Lair:4)
  An ugly thing (D:11)
  2 black mambas
  2 merfolk sirens (Lair:3)
  16 spiny frogs
  An eye of devastation (Lair:5)
  A gargoyle (D:11)
  5 komodo dragons
  A centaur skeleton (D:11)
  A polar bear (Lair:4)
  2 trolls
  A merfolk (Lair:3)
  Grinder (D:3)
  6 slime creatures
  6 hippogriffs
  Sigmund (D:3)
  20 yaks
  A steam dragon (Lair:3)
  5 wraiths (D:11)
  Grum (D:11)
  A basilisk (Lair:4)
  4 vampire mosquitoes (D:11)
  3 hungry ghosts
  Edmund (D:5)
  Menkaure (D:5)
  9 water moccasins
  21 soldier ants
  8 porcupines
  5 sky beasts
  An ice beast (D:5)
  2 black bears
  5 ogres
  6 orc warriors
  2 eyes of draining
  4 phantoms
  A necrophage (D:11)
  7 wolves
  7 centaurs
  7 crocodiles
  Blork the orc (D:6)
  2 big kobolds
  A wyvern zombie (D:6)
  19 bullfrogs
  A scorpion (D:5)
  6 killer bees
  4 howler monkeys
  2 crimson imps
  2 jellies
  A bullfrog skeleton (D:10)
  4 bullfrog zombies
  4 hounds
  Crazy Yiuf (D:5)
  A gnoll shaman (D:7)
  15 orc priests
  13 orc wizards
  Jessica (D:3)
  5 iguanas
  22 worker ants
  A hound zombie (D:5)
  2 hound skeletons
  12 gnolls
  15 adders
  2 oozes
  2 adder skeletons
  An adder zombie (D:5)
  2 worms
  4 dart slugs
  5 leopard geckos
  47 orcs
  3 giant cockroaches
  10 goblins
  5 hobgoblins
  17 jackals
  3 quokkas
  9 bats
  6 frilled lizards
  13 kobolds
  A leopard gecko zombie (D:7)
  8 rats
458 creatures vanquished.

Vanquished Creatures (others)
  2 fungi (Lair:4)
2 creatures vanquished.

Grand Total: 460 creatures vanquished

Notes
Turn   | Place    | Note
-------+----------+-------------------------------------------
     0 | D:1      | Peloso the Minotaur Fighter began the quest for the Orb.
     0 | D:1      | Reached XP level 1. HP: 19/19 MP: 0/0
    96 | D:1      | Reached XP level 2. HP: 24/27 MP: 1/1
   573 | D:1      | Reached XP level 3. HP: 33/33 MP: 2/2
   644 | D:2      | Reached skill level 3 in Long Blades
  1031 | D:2      | Reached XP level 4. HP: 38/40 MP: 3/3
  1089 | D:2      | Found a snail-covered altar of Cheibriados.
  1183 | D:2      | You fall through a shaft!
  1462 | D:3      | Noticed Jessica
  1592 | D:3      | Killed Jessica
  1592 | D:3      | Reached skill level 4 in Long Blades
  1635 | D:3      | Noticed Sigmund
  1647 | D:3      | Killed Sigmund
  1647 | D:3      | Reached skill level 5 in Armour
  1647 | D:3      | Reached skill level 5 in Shields
  1647 | D:3      | Reached XP level 5. HP: 47/47 MP: 4/4
  1647 | D:3      | Reached XP level 6. HP: 53/53 MP: 5/5
  1701 | D:3      | Noticed Grinder
  1722 | D:3      | Reached skill level 5 in Long Blades
  1722 | D:3      | Reached skill level 1 in Dodging
  1731 | D:3      | Killed Grinder
  1731 | D:3      | Reached XP level 7. HP: 31/60 MP: 6/6
  2162 | D:4      | Reached skill level 6 in Long Blades
  2427 | D:4      | Got a faintly glowing ring mail
  2903 | D:4      | Identified the +0 ring mail of Forking Paths {-Tele Str+8 SInv} (You found it on level 4 of the Dungeon)
  3055 | D:5      | Entered Level 5 of the Dungeon
  3083 | D:5      | Reached skill level 5 in Fighting
  3199 | D:5      | Found a transporter.
  3213 | D:5      | Found a hazy altar of Hepliaklqana.
  3213 | D:5      | Found a transporter.
  3260 | D:5      | Reached skill level 7 in Long Blades
  3260 | D:5      | Reached XP level 8. HP: 16/68 MP: 7/7
  3274 | D:5      | Got a slimy scale mail
  3518 | D:5      | Identified the +5 scale mail of Moeguf {rPois Int+2} (You found it on level 5 of the Dungeon)
  3658 | D:5      | Found a burning altar of Makhleb.
  3730 | D:5      | Found a runed door.
  3850 | D:5      | Noticed Edmund
  3874 | D:5      | Killed Edmund
  3874 | D:5      | Reached skill level 1 in Stealth
  4247 | D:5      | Found a blossoming altar of Fedhas.
  4259 | D:5      | Noticed Menkaure
  4266 | D:5      | Killed Menkaure
  4266 | D:5      | Reached skill level 8 in Long Blades
  4448 | D:5      | Noticed Crazy Yiuf
  4455 | D:5      | Killed Crazy Yiuf
  4631 | D:6      | Noticed Blork the orc
  4638 | D:6      | Killed Blork the orc
  4702 | D:6      | Found a staircase to the Ecumenical Temple.
  4712 | D:6      | Reached skill level 9 in Long Blades
  4712 | D:6      | Reached XP level 9. HP: 69/75 MP: 8/8
  4728 | Temple   | Entered the Ecumenical Temple
  4739 | Temple   | Became a worshipper of Warmaster Okawaru
  5333 | D:7      | Found an iron altar of Okawaru.
  5376 | D:7      | Reached skill level 10 in Long Blades
  5535 | D:7      | Reached * piety under Okawaru
  6180 | D:8      | Found a staircase to the Lair.
  6191 | D:8      | Noticed Erica
  6212 | D:8      | Killed Erica
  6212 | D:8      | Reached ** piety under Okawaru
  6212 | D:8      | Reached XP level 10. HP: 63/84 MP: 9/9
  6816 | D:9      | Found a radiant altar of Vehumet.
  6860 | D:9      | Reached skill level 11 in Long Blades
  7140 | D:9      | Noticed a two-headed ogre
  7149 | D:9      | Killed a two-headed ogre
  7149 | D:9      | Reached skill level 10 in Shields
  7188 | D:9      | Noticed a two-headed ogre
  7197 | D:9      | Killed a two-headed ogre
  7383 | D:9      | Reached *** piety under Okawaru
  7425 | D:9      | Reached skill level 12 in Long Blades
  7782 | D:9      | Reached **** piety under Okawaru
  7793 | D:9      | Noticed a queen ant
  7822 | D:9      | Killed a queen ant
  7822 | D:9      | Reached XP level 11. HP: 32/95 MP: 10/10
  8607 | D:10     | Entered Level 10 of the Dungeon
  8839 | D:10     | Reached skill level 13 in Long Blades
  8841 | D:10     | Found a staircase to the Orcish Mines.
  8859 | D:10     | Reached ***** piety under Okawaru
  8893 | D:10     | Reached skill level 5 in Dodging
  9754 | D:10     | Reached skill level 10 in Armour
  9784 | D:11     | Reached skill level 10 in Fighting
 10016 | D:11     | Received a gift from Okawaru
 10033 | D:11     | Noticed Josephine
 10052 | D:11     | Killed Josephine
 10052 | D:11     | Reached skill level 14 in Long Blades
 10052 | D:11     | Reached XP level 12. HP: 59/107 MP: 11/11
 10075 | D:11     | Found a glowing silver altar of Zin.
 10394 | D:11     | Noticed a vault guard
 10475 | D:10     | Killed a vault guard
 10652 | D:11     | Noticed Grum
 10668 | D:11     | Killed Grum
 10669 | D:11     | Reached ****** piety under Okawaru
 10685 | D:11     | Noticed Harold
 10703 | D:11     | Killed Harold
 10705 | D:11     | Received a gift from Okawaru
 10790 | D:11     | Noticed Erolcha
 10814 | D:11     | Killed Erolcha
 10821 | D:11     | Found a glowing golden altar of the Shining One.
 11237 | D:11     | Found a portal to a secret trove of treasure.
 11350 | Lair:1   | Entered Level 1 of the Lair of Beasts
 11350 | Lair:1   | Noticed Sonja
 11378 | Lair:1   | Killed Sonja
 12064 | Lair:2   | Noticed Fannar
 12111 | Lair:2   | Found a runed gate.
 12111 | Lair:2   | Found a runed gate.
 12111 | Lair:2   | Found a runed gate.
 12115 | Lair:2   | Noticed Qidob's ghost (journeyman HuSk)
 12163 | Lair:2   | Killed Fannar
 12163 | Lair:2   | Reached skill level 15 in Long Blades
 12200 | Lair:2   | Received a gift from Okawaru
 12203 | Lair:2   | Got a pair of spiked boots {god gift}
 12209 | Lair:2   | Identified the +2 pair of boots of the Country {Slay+2} (Okawaru gifted it to you on level 2 of the Lair of Beasts)
 12347 | Lair:2   | Reached XP level 13. HP: 89/116 MP: 10/12
 13243 | Lair:3   | Found a staircase to the Shoals.
 13551 | Lair:4   | Found a hole to the Spider Nest.
 13772 | Lair:4   | Noticed Nessos
 13786 | Lair:4   | Killed Nessos
 14579 | Lair:5   | Found a staircase to the Slime Pits.
 15147 | Lair:6   | Entered Level 6 of the Lair of Beasts
 15156 | Lair:6   | Received a gift from Okawaru
 15171 | Lair:6   | Reached skill level 16 in Long Blades
 15197 | Lair:6   | HP: 5/119 [black mamba (8)]
 15199 | Lair:6   | Slain by a fire crab

Skill      XL: |  1  2  3  4  5  6  7  8  9 10 11 12 13 |
---------------+----------------------------------------+-----
Fighting       | 4 5 6 8 10 11 12 | 12.5
Armour         | 4 5 6 7 8 9 10 11 | 11.5
Shields        | 4 5 6 7 9 10 11 13 14 | 14.0
Long Blades    | 3 4 5 7 9 10 12 14 15 16 | 16.0
Dodging        | 1 2 3 4 5 6 |  6.6
Stealth        | 1 2 3 |  3.3
Invocations    | |  0.9
Evocations     | |  0.9

Action                   |  1- 3 |  4- 6 |  7- 9 | 10-12 | 13-15 || total
-------------------------+-------+-------+-------+-------+-------++-------
Melee: Long sword        |    97 |    50 |   396 |       |       ||   543
       Headbutt          |    12 |     8 |    96 |   200 |    67 ||   383
       Scimitar          |       |       |       |   719 |   204 ||   923
       Falchion          |       |       |       |    52 |       ||    52
Invok: Heroism           |       |       |       |     5 |     1 ||     6
Evoke: Wand              |       |       |       |     6 |     1 ||     7
  Use: Potion            |       |     1 |     1 |     4 |     3 ||     9
       Scroll            |       |       |     9 |    11 |       ||    20
 Stab: Sleeping          |       |       |       |     1 |     2 ||     3
  Eat: Chunk             |       |     3 |    14 |    16 |     8 ||    41
       Ration            |       |       |       |     2 |       ||     2
Armor: Scale mail        |    52 |    14 |    85 |   179 |    49 ||   379
       Chain mail        |       |       |    34 |       |       ||    34
       Ring mail         |       |       |     6 |       |       ||     6
Dodge: Dodged            |    31 |    12 |   119 |   231 |    72 ||   465
Block: Shield            |    70 |    22 |   206 |   390 |   109 ||   797
       Rpst.: Long sword |     4 |     4 |    28 |       |       ||    36
       Scimitar          |       |       |       |    58 |    25 ||    83
       Falchion          |       |       |       |     7 |       ||     7
